 Dungeon Crawl Stone Soup version 0.29-a0-775-g4d7333d4e2 (webtiles) character file.

Game seed: 17979519503650979506

1776 kae the Destroyer (level 9, 0/67 HPs)
             Began as a Tengu Fire Elementalist on July 1, 2022.
             Was a Follower of Ru.
             Shot with a sling bullet by Joseph (5 damage)
             ... on level 8 of the Dungeon.
             The game lasted 00:06:32 (9605 turns).

kae the Destroyer (Tengu Fire Elementalist)         Turns: 9605, Time: 00:06:33

Health: 0/67       AC: 24    Str:  8    XL:     9   Next: 8%
Magic:  22/26      EV:  2    Int: 20    God:    Ru [*.....]
Gold:   1410       SH:  0    Dex: 15    Spells: 5/18 levels left

rFire   + . .      SeeInvis .   (no weapon)
rCold   + . .      Faith    .   (no shield)
rNeg    . . .      Spirit   .   (body armour currently unavailable)
rPois   +          Reflect  .   (helmet currently unavailable)
rElec   +          Harm     .   (cloak currently unavailable)
rCorr   +          Rampage  .   (gloves currently unavailable)
Will    .....      NoTele   +   (boots unavailable)
Stlth   ++........              (no amulet)
HPRegen 0.21/turn               E - +4 ring of evasion
MPRegen 0.20/turn               W - ring of magical power

@: tree-form, resistant, slowed, very slow
A: stationary, stasis, torment immunity, boosted hp, (beak), (talons 3), nimble
flight, missing an eye
a: Renounce Religion


You were on level 8 of the Dungeon.
You worshipped Ru.
Ru was aware of your devotion.
You were a tree.
You visited 2 branches of the dungeon, and saw 9 of its levels.

You collected 1410 gold pieces.


Innate Abilities, Weirdness & Mutations

You are a tree.
Your roots penetrate the ground, keeping you stationary.
You cannot be teleported.
You are immune to unholy pain and torment.
Your maximum health is greatly increased.
Your equipment is partially melded.
((You have a beak for a mouth.))
((You have claws for feet.))
Your magical nature lets you fly swiftly and evasively.
You are missing an eye, making it more difficult to aim.


   Skills:
 - Level 2.1 Dodging
 - Level 2.0 Stealth
 + Level 5.0 Spellcasting
 * Level 9.5 Conjurations
 * Level 8.5 Fire Magic


You had 5 spell levels left.
You knew the following spells:

 Your Spells              Type           Power      Damage    Failure   Level
a - Foxfire               Conj/Fire      100%       2x1d9     1%          1
b - Scorch                Fire           78%        2d9       1%          2
c - Conjure Flame         Conj/Fire      41%        6-21      1%          3
d - Inner Flame           Hex/Fire       22%        N/A       6%          3
e - Flame Wave            Conj/Fire      41%        2d9       2%          4

Your spell library contained the following spells:

 Spells                   Type           Power      Damage    Failure   Level
 Magic Dart               Conj           100%       1d8       1%          1
 Iskenderun's Battlesphe  Conj           43%        2d9       6%          5
 Mephitic Cloud           Conj/Pois/Air  17%        N/A       10%         3
 Call Imp                 Summ           5%         N/A       17%         2
 Iron Shot                Conj/Erth      12%        9d3       94%         6
 Spellforged Servitor     Conj/Summ      12%        N/A       100%        7

Inventory:

Hand Weapons
 p - the +5 war axe "Piav Poj" {venom, rF+ rN+ Str-4}
   (You found it on level 2 of the Dungeon)

   It poisons the flesh of those it strikes.
   Str:       It affects your strength (-4).
   rF:        It protects you from fire.
   rN:        It protects you from negative energy.
Missiles
 k - 56 stones
 q - 5 curare-tipped darts {=f}
 t - 2 boomerangs
Armour
 g - a +0 robe
   (You took it off an orc wizard on level 7 of the Dungeon)
 i - a +0 robe (melded)
   (You found it on level 1 of the Dungeon)
 j - a +0 robe
   (You took it off an orc wizard on level 7 of the Dungeon)
 n - a +0 leather armour
   (You took it off an orc on level 7 of the Dungeon)
 s - a +0 scale mail
   (You found it on level 7 of the Dungeon)
 Q - a +0 cloak (melded)
   (You found it on level 7 of the Dungeon)
Magical Staves
 r - a staff of poison {!a}
   (You found it on level 6 of the Dungeon)
 w - a staff of fire {!a}
   (You found it on level 3 of the Dungeon)
Jewellery
 e - a +4 ring of evasion
   (You found it on level 5 of the Dungeon)
 u - a ring of willpower
   (You found it on level 7 of the Dungeon)
 E - a +4 ring of evasion (left branch)
   (You found it on level 4 of the Dungeon)
 N - a ring of positive energy
   (You found it on level 5 of the Dungeon)
 S - a +6 ring of strength
   (You found it on level 6 of the Dungeon)
 T - an amulet of faith {!P}
   (You found it on level 3 of the Dungeon)
 W - a ring of magical power (right branch)
   (You found it on level 4 of the Dungeon)
Wands
 J - a wand of flame (13)
   (You found it on level 5 of the Dungeon)
 U - a wand of mindburst (4)
   (You found it on level 7 of the Dungeon)
 Z - a wand of iceblast (3)
   (You found it on level 7 of the Dungeon)
Scrolls
 a - a scroll of enchant armour
 h - a scroll of vulnerability {!r!r}
 C - 2 scrolls of magic mapping {!r}
 L - 2 scrolls of identify {@r1}
 R - a scroll of torment {!r}
Potions
 b - 5 potions of magic
 c - a potion of berserk rage {unknown}
 d - a potion of brilliance {unknown}
 f - 3 potions of flight
 l - a potion of mutation {!q}
 m - 2 potions of curing {@q1}
 o - 4 potions of haste {@q3}
 z - 2 potions of resistance
 A - a potion of cancellation {unknown}
 V - a potion of heal wounds {unknown}

Dungeon Overview and Level Annotations

Branches:
Dungeon (8/15) Zot: 26945  Temple (1/1) D:5 Zot: 5738
   Lair: D:8-11

Altars:
Ashenzari
Cheibriados
Dithmenos
Elyvilon
Fedhas
Gozag
Kikubaaqudgha
Makhleb
Okawaru
Qazlal
Ru
Sif Muna
Trog
Vehumet
Wu Jian
Xom
Yredelemnul
Zin
The Shining One

Shops:
D:1 ?   D:6 =[(   D:7 =

Annotations:
D:2 Natasha, Sigmund
D:8 Joseph

#..# #..# .. ...#
#..#######@## ...#
#......#....# ....#
#......#....# ....#
#......#....#.....#
#..##..##..##.....#
#..##..##..#y......
#..#.......♣.......
#.>#.......#.......
#..#)......#.......
#..#...###'#.......
#..#...#......#####
#..#####......#
#..#......<...+
#..#......≈P≈≈.PP.
#..#....P≈≈♣P≈PPPP


You could see Joseph and a hornet.


Message History

Done exploring.
Done exploring.
Okay, then.
Okay, then.
(D) Dungeon (T) Temple
Where to? (Enter - D:7, ? - help)
There is an open door here.
There is a stone staircase leading down here.
You fly downwards.
There is a stone staircase leading up here.
Key pressed, stopping travel.
Okay, then.
You now have 1410 gold pieces (gained 15).
You reach down and open the door.
There is an open door here.
C - 2 scrolls of magic mapping {!r} (gained 1)
Found a stone staircase leading down.
L - 2 scrolls of identify {@r1} (gained 1)
There is a stone staircase leading down here.
There is a stone staircase leading down here.
You reach down and open the door.
A white imp comes into view.
The white imp shouts, "Get thee gone, thou weedy half-faced zombie-fodder!"
You hear an angry buzzing noise.
The white imp moves out of view.
The white imp gestures at you. The puff of frost misses you.
There is an open door here.
A white imp is nearby!
Casting: Foxfire (safe; 1% risk of failure)
Confirm with . or Enter, or press ? or * to list all spells.
You conjure some foxfire!
The white imp gestures at you. The puff of frost hits you.
The foxfire hits the white imp but does no damage. 😕 HP[-6] MP[-1]
You take 6 damage, and now have 39/45 hp.
You lost 1 mp, and now have 25/26 mp.
Casting: Foxfire (safe; 1% risk of failure)
Confirm with . or Enter, or press ? or * to list all spells.
You conjure some foxfire!
The foxfire hits the white imp.
The white imp is burned terribly!
The foxfire hits the white imp. 😕 HP[+1] MP[-1]
You lost 1 mp, and now have 24/26 mp.
Casting: Foxfire (safe; 1% risk of failure)
Confirm with . or Enter, or press ? or * to list all spells.
You conjure some foxfire!
A hornet comes into view.
The white imp gestures at you. The puff of frost hits you! 😮 HP[-8]
You take 8 damage, and now have 32/45 hp.
Casting: Foxfire (safe; 1% risk of failure)
Confirm with . or Enter, or press ? or * to list all spells.
Flames lash the white imp.
The white imp is burned terribly!
You kill the white imp! 😮 MP[-2]
You lost 2 mp, and now have 22/26 mp.
Casting: Scorch (safe; 1% risk of failure)
Confirm with . or Enter, or press ? or * to list all spells.
You conjure some foxfire!
The hornet stings you.
You feel yourself slow down. The hornet stings you.
You feel as though you will be slow longer.
The foxfire hits the hornet.
The foxfire hits the hornet but does no damage.
The hornet misses you. The hornet stings you!
* * * LOW HITPOINT WARNING * * *
You feel as though you will be slow longer. 😱 HP[-24]
You take 24 damage, and now have 8/45 hp.
MASSIVE DAMAGE!! (PAUSE) Unknown command.
Okay, then.
Okay, then.
Okay, then.
Okay, then.
It was a potion of lignification.
You turn into a tree.
Your +0 cloak melds into your body.
Your +0 robe melds into your body.
Your roots penetrate the ground.
The hornet stings you but does no damage.
Joseph opens the door.
The hornet stings you but does no damage.
Joseph, a Mercenary comes into view.
He is wielding a +0 quarterstaff and wearing a +3 leather armour of willpower. 😱 HP[+4]
You now have 67 max hp (+22).
You regained 4 hp, and now have 12/67 hp.
Okay, then.
It was a potion of resistance.
You feel protected.
Joseph shouts!
The hornet stings you.
* * * LOW HITPOINT WARNING * * *
The hornet stings you.
* * * LOW HITPOINT WARNING * * *
You feel as though you will be slow longer.
Joseph unwields a +0 quarterstaff.
Joseph wields a +0 sling.
Joseph shoots a sling bullet.
The sling bullet hits you.
You die...

Skill      XL: |  1  2  3  4  5  6  7  8  9 |
---------------+----------------------------+-----
Conjurations   | 2 3 4 5 6 7 9 |  9.5
Fire Magic     | 4 5 6 8 |  8.5
Spellcasting   | 3 4 5 |  5.0
Dodging        | |  2.1
Stealth        | |  2.0

Action                   |  1- 3 |  4- 6 |  7- 9 || total
-------------------------+-------+-------+-------++-------
Melee: Unarmed           |       |       |     2 ||     2
 Cast: Foxfire           |    66 |    54 |    83 ||   203
       Scorch            |     3 |    23 |    34 ||    60
       Conjure Flame     |       |     1 |     2 ||     3
Invok: Sacrifice an Eye  |       |       |     1 ||     1
  Use: Scroll            |       |    11 |     2 ||    13
       Potion            |       |       |     2 ||     2
Armor: Robe              |     4 |     6 |     4 ||    14
       Skin              |       |       |     2 ||     2
Dodge: Dodged            |    10 |    34 |    33 ||    77

Levels and vault maps discovered:
D:1:      matt_arrival_los_fun, layout_basic, serial_shops, shop,
          minmay_pentomino_p2
D:2:      layout_basic, nicolae_ecumenical_lake_church, uniq_natasha,
          uniq_sigmund
D:3:      minmay_diamond_boxcup, layout_loops_ring,
          kennysheep_decorative_pillar, uniq_terence
D:4:      layout_gridville, corexii_checkpoint_b
D:5:      layout_basic, minmay_temple_entry_slanted, uniq_blork_the_orc
D:6:      layout_basic, serial_shops, nicolae_shop_advertising_works
          [nicolae_subvault_shop_adworks], shop, shop_fountains
D:7:      layout_gridville, serial_shops, nicolae_lakefront_shop
D:8:      layout_gridville, lair_entry_dummy, serial_bayou_lagoon_a,
          uniq_joseph, uniq_maurice
Temple:   compressed_dpeg_triangle_lava_temple

Notes
Turn   | Place    | Note
-------+----------+-------------------------------------------
     0 | D:1      | kae the Tengu Fire Elementalist began the quest for the
                  | Orb.
     0 | D:1      | Reached XP level 1. HP: 10/10 MP: 4/4
     0 | D:1      | magus.rc [v1.11.3]
   272 | D:1      | Reached skill level 2 in Conjurations
   272 | D:1      | Reached XP level 2. HP: 15/15 MP: 4/6
   283 | D:1      | Found Qyggacur's Magic Scroll Boutique.
   759 | D:1      | Learned a level 2 spell: Scorch
  1206 | D:2      | You fall into a shaft and drop 1 floor!
  1402 | D:3      | Reached XP level 3. HP: 11/19 MP: 2/7
  1713 | D:3      | You pick up a book of Minor Magic and begin reading...
  1713 | D:3      | You add the spells Magic Dart, Call Imp and Mephitic Cloud
                  | to your library.
  1721 | D:3      | Noticed Terence
  1722 | D:3      | Reached skill level 3 in Conjurations
  1731 | D:3      | Reached skill level 4 in Fire Magic
  1976 | D:2      | Found a faded altar of an unknown god.
  2080 | D:2      | Reached XP level 4. HP: 24/24 MP: 6/8
  2127 | D:2      | Identified the +5 war axe "Piav Poj" {venom, rF+ rN+ Str-4}
  2184 | D:2      | Noticed Natasha
  2374 | D:2      | Noticed Sigmund
  2414 | D:2      | Learned a level 3 spell: Conjure Flame
  2938 | D:3      | Identified a scroll of acquirement
  2938 | D:3      | Acquired 1088 gold pieces
  2992 | D:3      | Killed Terence
  3514 | D:2      | Reached skill level 4 in Conjurations
  3514 | D:2      | Gained mutation: Your magical nature lets you fly swiftly
                  | and evasively. [Tengu growth]
  3514 | D:2      | Reached XP level 5. HP: 28/28 MP: 5/10
  3938 | D:3      | HP: 3/28 [bouda/+0 club (10)]
  4687 | D:4      | Learned a level 3 spell: Inner Flame
  4710 | D:4      | Reached skill level 3 in Spellcasting
  4756 | D:4      | Reached skill level 5 in Fire Magic
  4811 | D:4      | Reached skill level 5 in Conjurations
  4811 | D:4      | Reached XP level 6. HP: 24/32 MP: 5/11
  5227 | D:5      | Entered Level 5 of the Dungeon
  5318 | D:5      | Found a staircase to the Ecumenical Temple.
  5327 | Temple   | Entered the Ecumenical Temple
  5603 | Temple   | Became a worshipper of Ru the Awakened
  5765 | D:5      | Noticed a black bear
  5775 | D:5      | Killed a black bear
  5776 | D:5      | Reached skill level 6 in Conjurations
  5776 | D:5      | Reached skill level 6 in Fire Magic
  5776 | D:5      | Reached XP level 7. HP: 15/36 MP: 13/13
  6541 | D:5      | Noticed Blork the orc
  6556 | D:5      | Killed Blork the orc
  6557 | D:5      | Reached skill level 7 in Conjurations
  6799 | D:5      | Learned a level 4 spell: Flame Wave
  6868 | D:6      | Reached skill level 4 in Spellcasting
  6868 | D:6      | Reached XP level 8. HP: 41/41 MP: 15/15
  6942 | D:6      | Found Affaix's Antique Armour Boutique.
  6972 | D:6      | Reached skill level 7 in Fire Magic
  7381 | D:6      | Found Urgha's Weapon Shop.
  7609 | D:6      | Found Pioggurch's Jewellery Shoppe.
  7856 | D:6      | Reached skill level 8 in Conjurations
  8100 | D:6      | Noticed a troll
  8117 | D:6      | Killed a troll
  8346 | D:7      | Gained mutation: You are missing an eye, making it more
                  | difficult to aim. [Ru sacrifice]
  8346 | D:7      | Reached * piety under Ru
  8353 | D:7      | Reached skill level 8 in Fire Magic
  8376 | D:6      | Reached skill level 9 in Conjurations
  8593 | D:7      | HP: 7/37 [wight/+0 halberd (6)]
  8595 | D:7      | Reached XP level 9. HP: 8/43 MP: 17/17
  9245 | D:7      | You pick up a book of Power and begin reading...
  9245 | D:7      | You add the spells Iskenderun's Battlesphere, Iron Shot and
                  | Spellforged Servitor to your library.
  9274 | D:7      | Reached skill level 5 in Spellcasting
  9456 | D:7      | Found Tagoph's Jewellery Shoppe.
  9598 | D:8      | Noticed a hornet
  9603 | D:8      | HP: 8/45 [hornet (15)]
  9604 | D:8      | Noticed Joseph
  9605 | D:8      | Shot with a sling bullet by Joseph

Vanquished Creatures
  A troll (D:6)
  3 black bears
  An ice beast (D:7)
  Blork the orc (D:5)
  2 necrophages
  2 bullfrogs
  A scorpion (D:4)
  3 wights
  A howler monkey (D:6)
  2 jellies (D:7)
  An orc priest (D:5)
  A hound (D:5)
  A bouda (D:3)
  3 iguanas
  5 orc wizards
  Terence (D:3)
  5 gnolls
  8 adders
  2 shadow imps
  2 white imps
  2 ufetubi
  A worm (D:5)
  2 dart slugs (D:2)
  8 orcs
  8 bats
  4 endoplasms
  2 giant cockroaches
  9 goblins
  7 hobgoblins
  A kobold (D:4)
  6 quokkas
  A ball python (D:2)
  2 frilled lizards
  5 rats (D:1)
104 creatures vanquished.

Vanquished Creatures (others)
  342 foxfires
342 creatures vanquished.

Grand Total: 446 creatures vanquished

Table legend:
 A = Non-vault XP
 B = Vault XP
 C = Vault XP percentage of total XP
 D = Non-vault monster count
 E = Vault monster count
 F = Vault count percentage of total count
                 A         B        C        D         E       F
            +---------+---------+-------+---------+---------+-------
      Total |    2396 |     142 |   5.6 |      94 |      10 |   9.6
            +---------+---------+-------+---------+---------+-------
        D:1 |      22 |       1 |   4.3 |      13 |       1 |   7.1
        D:2 |      96 |       0 |   0.0 |      17 |       0 |   0.0
        D:3 |      95 |      45 |  32.1 |      17 |       8 |  32.0
        D:4 |     118 |       0 |   0.0 |       7 |       0 |   0.0
        D:5 |     654 |      96 |  12.8 |      18 |       1 |   5.3
        D:6 |     927 |       0 |   0.0 |      10 |       0 |   0.0
        D:7 |     474 |       0 |   0.0 |      11 |       0 |   0.0
        D:8 |      10 |       0 |   0.0 |       1 |       0 |   0.0
            +---------+---------+-------+---------+---------+-------

Illustrated notes

Table legend:
 A = Kills in this place as a percentage of kills in entire the game.
 B = Kills by you in this place as a percentage of kills by you in the entire game.
 C = Kills by friends in this place as a percentage of kills by friends in the entire game.
 D = Other kills in this place as a percentage of other kills in the entire game.
 E = Experience gained in this place as a percentage of experience gained in the entire game.
 F = Experience gained in this place divided by the number of levels of this place that you have seen.
                   A       B       C       D       E      F
               +-------+-------+-------+-------+-------+----------------------
         Total | 100.0 | 100.0 |   N/A |   N/A | 100.0 | 282.0
       Dungeon | 100.0 | 100.0 |   N/A |   N/A | 100.0 | 317.2
               +-------+-------+-------+-------+-------+----------------------

Table legend: (Time is in decaauts)
 A = Elapsed time spent in this place.
 B = Non-inter-level travel time spent in this place.
 C = Inter-level travel time spent in this place.
 D = Time resting spent in this place.
 E = Time spent auto-exploring this place.
 F = Levels seen in this place.
 G = Mean time per level.
                   A        B        C        D        E       F      G
               +--------+--------+--------+--------+--------+-----+--------+
         Total |   9326 |   9105 |    221 |    590 |   7549 |   9 | 1036.2 |
       Dungeon |   9064 |   8855 |    209 |    590 |   7326 |   8 | 1133.0 |
        Temple |    261 |    249 |     12 |      0 |    223 |   1 |  261.0 |
               +--------+--------+--------+--------+--------+-----+--------+

Top non-repeatable levels by time:
     D:2: 1769 daAuts
     D:3: 1688 daAuts
     D:6: 1587 daAuts
     D:5: 1257 daAuts
     D:1: 1206 daAuts
     D:7: 992 daAuts
     D:4: 511 daAuts
  Temple: 261 daAuts
     D:8: 52 daAuts
